 Dungeon Crawl Stone Soup version 0.29.1-1-gd02db6906a (webtiles) character file.

Game seed: 3536979227831287526

28 DemonSlayer the Firebug (level 2, -4/19 HPs)
             Began as a Demonspawn Fire Elementalist on Sept 17, 2022.
             Slain by Terence
             ... wielding a +0 mace
              (9 damage)
             ... on level 2 of the Dungeon.
             The game lasted 00:01:56 (1285 turns).

DemonSlayer the Firebug (DsFE)                      Turns: 1285, Time: 00:01:57

Health: -4/19      AC:  2    Str:  8    XL:     2   Next: 96%
Magic:  1/5        EV: 14    Int: 16    God:
Gold:   62         SH:  0    Dex: 13    Spells: 2/5 levels left

rFire   . . .      SeeInvis .   f - +0 quick blade
rCold   . . .      Faith    .   (no shield)
rNeg    . . .      Spirit   .   a - +0 robe
rPois   .          Reflect  .   (no helmet)
rElec   .          Harm     .   (no cloak)
rCorr   .          Rampage  .   (no gloves)
Will    .....                   (no boots)
Stlth   ++........              (no amulet)
HPRegen 0.06/turn               (no ring)
MPRegen 0.09/turn               (no ring)

@: no status effects
A: repulsion field 1
a: no special abilities


You were on level 2 of the Dungeon.
You visited 1 branch of the dungeon, and saw 2 of its levels.

You collected 62 gold pieces.

Inventory:

Hand Weapons
 f - a +0 quick blade (weapon)
Armour
 a - a +0 robe (worn)
Jewellery
 j - a +4 ring of evasion
Scrolls
 d - 2 scrolls of identify {unknown}
 h - a scroll of torment {unknown}
 i - a scroll of silence {unknown}
Potions
 b - a potion of magic
 c - a potion of ambrosia {unknown}
 e - a potion of brilliance {unknown}
 g - 2 potions of curing {unknown}


   Skills:
 + Level 2.0 Dodging
 + Level 1.8 Stealth
 + Level 2.2 Spellcasting
 + Level 1.3 Conjurations
 + Level 3.2 Fire Magic


You had 2 spell levels left.
You knew the following spells:

 Your Spells              Type           Power      Damage    Failure   Level
a - Foxfire               Conj/Fire      36%        2x1d5     8%          1
b - Scorch                Fire           24%        2d6       8%          2

Your spell library contained the following spells:

 Spells                   Type           Power      Damage    Failure   Level
 Apportation              Tloc           2%         N/A       21%         1
 Conjure Flame            Conj/Fire      9%         6-21      24%         3
 Inner Flame              Hex/Fire       7%         N/A       30%         3
 Flame Wave               Conj/Fire      9%         2d6       61%         4
 Petrify                  Tmut/Erth      1%         N/A       90%         4
 Alistair's Intoxication  Tmut/Pois      0%         N/A       99%         5
 Metabolic Englaciation   Hex/Ice        0%         N/A       99%         5
 Statue Form              Tmut/Erth      0%         N/A       100%        6


Dungeon Overview and Level Annotations

Branches:
Dungeon (2/15)

Altars:

Annotations:
D:2 Terence


Innate Abilities, Weirdness & Mutations

You are surrounded by a mild repulsion field. (EV +2)


Message History

The giant cockroach is severely wounded.
The foxfire hits the giant cockroach.
The giant cockroach is almost dead.
The giant cockroach closely misses you.
You conjure some foxfire!
The foxfire hits the giant cockroach but does no damage.
The giant cockroach is almost dead.
The giant cockroach closely misses you.
The foxfire hits the giant cockroach.
You kill the giant cockroach!
You conjure some foxfire!
Your foxfire dissipates!
Your foxfire dissipates!
Your foxfire dissipates!
You see here a giant cockroach corpse.
Found a dagger.
Found a stone staircase leading up.
Terence the Incautious comes into view.
He is wielding a +0 mace.
Terence is nearby!
Terence is nearby!
Terence is nearby!
Terence shouts!
Terence closely misses you.
You hit Terence but do no damage. Terence hits you with a +0 mace.
Flames lash Terence.
Terence is heavily wounded.
Terence's fire resistance burns away.
Terence hits you with a +0 mace.
Flames lash Terence.
Terence is burned terribly!
Terence is severely wounded.
Terence closely misses you.
You don't have enough magic to cast this spell.
You hit Terence but do no damage.
Terence is heavily wounded.
Terence hits you with a +0 mace!
* * * LOW HITPOINT WARNING * * *
You barely miss Terence.
Terence is heavily wounded.
You hit Terence.
Terence is severely wounded.
Terence hits you with a +0 mace!
You die...

#.#<..........
#...#..####.#.
###...## #...
##.## #.#.
######.# #.#.
#......# #...
#.###### #.#.
####.### #.#.
#@@....# #...
#.##.#.#
#####† ...
..#.# ###.....
###. ### #
#.....#. #.
#.#..... #.
#.#...#. ##
#.###.##
#.###.##
#...#...


You could see Terence (combustible).

Vanquished Creatures
  2 worms (D:2)
  2 bats (D:2)
  4 endoplasms
  3 giant cockroaches
  A goblin (D:2)
  A hobgoblin (D:2)
  3 quokkas
  2 rats (D:2)
18 creatures vanquished.

Vanquished Creatures (others)
  88 foxfires
88 creatures vanquished.

Grand Total: 106 creatures vanquished

Notes
Turn   | Place    | Note
-------+----------+-------------------------------------------
     0 | D:1      | DemonSlayer the Demonspawn Fire Elementalist began the
                  | quest for the Orb.
     0 | D:1      | Reached XP level 1. HP: 13/13 MP: 3/3
   347 | D:2      | Reached skill level 3 in Fire Magic
   402 | D:2      | Gained mutation: You are surrounded by a mild repulsion
                  | field. (EV +2) [demonic ancestry]
   402 | D:2      | Reached XP level 2. HP: 19/19 MP: 1/5
   405 | D:2      | Learned a level 2 spell: Scorch
  1277 | D:2      | Noticed Terence
  1285 | D:2      | Slain by Terence

Illustrated notes

Levels and vault maps discovered:
D:1:      wander_arrival_estate, layout_rooms, dreamdust_ecumenical_altar_grove,
          serial_rivers, chequers_serial_rivers_micro_a,
          chequers_serial_rivers_large_a, chequers_serial_rivers_small_a,
          chequers_serial_rivers_large_b, chequers_serial_rivers_marsh,
          serial_shops, nicolae_lakefront_shop
D:2:      layout_loops_cross, minmay_domino_4, uniq_terence

Skill      XL: |  1 |
---------------+----+-----
Dodging        | 2 |  2.0
Fire Magic     | 3 |  3.2
Stealth        | |  1.8
Spellcasting   | |  2.2
Conjurations   | |  1.3

Action                   || total
-------------------------++-------
Melee: Quick blade       ||    17
       Punch             ||     1
 Cast: Foxfire           ||    55
       Scorch            ||     2
 Stab: Sleeping          ||     1
Armor: Robe              ||     2
Dodge: Dodged            ||    11
